San Jose Sharks vs Washington Capitals
Created - Friday, September 20, 2024 at 07:59
Goals
|
| San Jose Sharks |
0 |
1 |
1 |
2 |
| Washington Capitals |
1 |
2 |
1 |
4 |
|
Shots
|
| San Jose Sharks |
12 |
16 |
9 |
37 |
| Washington Capitals |
10 |
12 |
4 |
26 |
|
1st period
1. Washington Capitals , Derek Ryan 3 (John Carlson 9, Fabian Zetterlund 8) at 15:26
Penalties :
Dmitry Orlov (SJS) for Hooking (Minor) at 16:59
2nd period
2. San Jose Sharks , Adam Henrique 12 (Dylan Strome 23) at 2:10 (SH)
3. Washington Capitals , Alex Ovechkin 8 (Nico Hischier 12) at 2:14 (PP)
4. Washington Capitals , Nico Hischier 9 (Jason Robertson 16, Thomas Harley 8) at 15:15
Penalties :
Ivan Barbashev (SJS) for Tripping (Minor) at 1:47, Drake Batherson (WSH) for Roughing (Minor) at 4:29, Jamie Oleksiak (WSH) for Holding (Minor) at 11:40, Dmitry Orlov (SJS) for Unsportsmanlike conduct (Minor) at 19:45
3rd period
5. San Jose Sharks , Dylan Strome 10 (Eetu Luostarinen 12, Matthew Knies 5) at 2:37
6. Washington Capitals , Michael McLeod 7 (Brad Marchand 10, John Carlson 10) at 19:34 (Empty Net)
Penalties :
Dylan Strome (SJS) for Slashing (Minor) at 3:01, Luke Kunin (SJS) for Hooking (Minor) at 5:34, Nick Foligno (WSH) for Tripping (Minor) at 16:14
Goalie Stats
Logan Thompson (SJS), 22 saves from 25 shots - (0.880), L, 13-10-1, 59:24 minutes
Jake Oettinger (WSH), 35 saves from 37 shots - (0.946), W, 10-6-0, 60:00 minutes
Players Stats for San Jose Sharks
Player Name G A P +/- PIM S H SB GA TA FO MP PP MP PK MP
------------------------------------------------------------------------------------
Adam Henrique 1 0 1 -1 0 4 2 3 1 0 12/25 20:22 2:53 4:01
Christian Dvorak 0 0 0 -1 0 1 0 1 0 1 8/11 12:31 0:08 0:00
Christopher Tanev 0 0 0 -2 0 2 3 1 0 3 0/0 27:07 2:45 4:47
Dmitry Orlov 0 0 0 0 4 0 2 0 0 1 0/0 17:59 3:12 1:53
Dylan Strome 1 1 2 2 2 9 1 1 0 0 7/12 19:31 2:53 3:09
Eetu Luostarinen 0 1 1 1 0 1 0 1 1 1 0/0 14:54 2:47 0:00
Frederick Gaudreau 0 0 0 0 0 0 0 0 0 1 3/4 6:41 0:00 0:00
Ilya Mikheyev 0 0 0 0 0 4 0 0 1 0 0/0 7:45 0:00 0:49
Ivan Barbashev 0 0 0 -2 2 4 2 1 1 0 0/0 20:07 2:53 4:03
Joel Edmundson 0 0 0 0 0 1 2 0 0 0 0/0 16:19 3:12 0:14
Joseph Veleno 0 0 0 0 0 1 2 0 0 0 0/0 8:41 0:20 0:37
Luke Kunin 0 0 0 -1 2 3 3 0 0 0 1/2 15:23 2:53 0:00
Matthew Knies 0 1 1 1 0 1 3 0 1 0 0/1 13:34 0:08 0:00
Mike Hoffman 0 0 0 -1 0 0 0 0 0 0 0/0 11:18 0:00 0:00
Rickard Rakell 0 0 0 -2 0 3 3 0 1 0 3/5 20:15 2:56 4:07
Sean Durzi 0 0 0 -2 0 2 1 1 1 1 0/0 27:10 2:45 4:50
Simon Nemec 0 0 0 1 0 1 0 0 0 0 0/0 17:11 0:00 3:59
Tobias Bjornfot 0 0 0 1 0 0 0 0 0 0 0/0 14:44 0:00 1:03
Players Stats for Washington Capitals
Player Name G A P +/- PIM S H SB GA TA FO MP PP MP PK MP
------------------------------------------------------------------------------------
Alex Ovechkin 1 0 1 0 0 2 4 0 1 1 1/2 20:03 4:42 0:00
Brad Marchand 0 1 1 1 0 2 2 0 0 0 0/0 15:06 0:00 2:42
David Savard 0 0 0 1 0 0 1 3 0 1 0/0 21:59 2:43 3:11
Derek Ryan 1 0 1 0 0 1 0 0 0 0 0/0 8:37 0:00 1:02
Drake Batherson 0 0 0 0 2 1 0 0 0 0 0/0 9:40 0:00 0:00
Fabian Zetterlund 0 1 1 0 0 2 0 1 1 2 0/0 9:47 0:00 2:12
Ian Cole 0 0 0 0 0 1 0 1 0 0 0/0 16:44 0:00 2:53
Jamie Oleksiak 0 0 0 1 2 1 1 1 0 2 0/0 18:42 0:00 2:09
Jason Robertson 0 1 1 0 0 2 2 0 0 0 1/3 20:03 4:42 0:00
John Carlson 0 2 2 0 0 0 1 2 1 0 0/0 22:12 5:40 0:22
Jordan Kyrou 0 0 0 0 0 1 1 0 1 0 0/0 15:35 3:41 0:00
Michael McLeod 1 0 1 1 0 1 0 0 1 0 7/11 12:57 0:00 2:46
Nick Foligno 0 0 0 1 2 1 3 1 0 0 4/11 18:14 3:41 1:13
Nick Jensen 0 0 0 0 0 2 1 1 0 0 0/0 19:41 2:43 2:24
Nico Hischier 1 1 2 0 0 6 1 1 0 1 13/31 20:36 4:42 0:21
Owen Tippett 0 0 0 0 0 1 0 0 2 0 0/1 13:44 3:41 0:00
Thomas Harley 0 1 1 0 0 0 2 1 0 0 0/0 20:25 5:40 0:55
Yegor Chinakhov 0 0 0 0 0 2 1 0 1 0 0/1 9:55 0:00 1:38
3 Stars
1 - Jake Oettinger (WSH)
2 - Nico Hischier (WSH)
3 - Alex Ovechkin (WSH)
Power Play
San Jose Sharks - 0 on 3 Attempt(s) - 0.00%
Washington Capitals - 1 on 5 Attempt(s) - 20.00%
Penalty Kill
San Jose Sharks - 4 on 5 Attempt(s) - 80.00%
- Score 1 goal in Penalty Kill
Washington Capitals - 3 on 3 Attempt(s) - 100.00%
- Score 0 goal in Penalty Kill
Team Stat
San Jose Sharks - Hits : 24 - Faceoff Wins : 34 - Blocked Shots : 9 - Penalty Minutes : 10
Washington Capitals - Hits : 20 - Faceoff Wins : 26 - Blocked Shots : 12 - Penalty Minutes : 6
Official
Referees : Francois St Laurent and Francis Charron
Linesman : Bryan Pancich and James Tobias
Game Notes
Michael McLeod has scored in a empty net!
Finance
Level 1 -- Attendance: 6000 (100.00%) -- Ticket Income $570,000
Level 2 -- Attendance: 4475 (89.50%) -- Ticket Income $246,125
Level 3 -- Attendance: 3000 (100.00%) -- Ticket Income $99,000
Level 4 -- Attendance: 5000 (100.00%) -- Ticket Income $110,000
Luxury Box -- Attendance: 1000 (100.00%) -- Ticket Income $195,000
Game was played at the Verizon Center.
Total Attendance: 19475 (97.38%)
Total Ticket Income: $1,220,125
Other Income: $427,044
Total Income: $1,647,169
San Jose Sharks
5 vs 5 Forward
Center Left Wing Right Wing Time % Phy DF OF
1 Adam Henrique Rickard Rakell Ivan Barbashev 30 1 2 2
2 Dylan Strome Eetu Luostarinen Matthew Knies 30 1 2 2
3 Christian Dvorak Mike Hoffman Luke Kunin 25 1 2 2
4 Frederick Gaudreau Joseph Veleno Ilya Mikheyev 15 1 2 2
5 vs 5 Defense
Defense Defense Time % Phy DF OF
1 Sean Durzi Christopher Tanev 30 1 2 2
2 Joel Edmundson Dmitry Orlov 30 1 2 2
3 Simon Nemec Tobias Bjornfot 25 1 2 2
4 Sean Durzi Christopher Tanev 15 1 2 2
PowerPlay Forward
Center Left Wing Right Wing Time % Phy DF OF
1 Adam Henrique Rickard Rakell Ivan Barbashev 50 1 2 2
2 Dylan Strome Eetu Luostarinen Luke Kunin 50 1 2 2
PowerPlay Defense
Defense Defense Time % Phy DF OF
1 Sean Durzi Christopher Tanev 50 1 2 2
2 Dmitry Orlov Joel Edmundson 50 1 2 2
Penalty Kill 4 Players Forward
Center Wing Time % Phy DF OF
1 Adam Henrique Dylan Strome 50 1 2 2
2 Rickard Rakell Ivan Barbashev 50 1 2 2
Penalty Kill 4 Players Defense
Defense Defense Time % Phy DF OF
1 Sean Durzi Christopher Tanev 50 1 2 2
2 Simon Nemec Dmitry Orlov 50 1 2 2
Penalty Kill - 3 Players Forward
Forward Time % Phy DF OF
1 Adam Henrique 50 1 2 2
2 Dylan Strome 50 1 2 2
Penalty Kill - 3 Players Defense
Defense Defense Time % Phy DF OF
1 Sean Durzi Christopher Tanev 50 1 2 2
2 Simon Nemec Tobias Bjornfot 50 1 2 2
4 vs 4 Forward
Center Wing Time % Phy DF OF
1 Adam Henrique Dylan Strome 50 1 2 2
2 Rickard Rakell Ivan Barbashev 50 1 2 2
4 vs 4 Defense
Defense Defense Time % Phy DF OF
1 Sean Durzi Christopher Tanev 50 1 2 2
2 Dmitry Orlov Simon Nemec 50 1 2 2
Last Minutes Offensive
Center Left Wing Right Wing Defense Defense
Adam Henrique Rickard Rakell Ivan Barbashev Sean Durzi Christopher Tanev
Last Minutes Defensive
Center Left Wing Right Wing Defense Defense
Adam Henrique Rickard Rakell Ivan Barbashev Sean Durzi Christopher Tanev
Goaltenders
Starting : Logan Thompson
Backup : Ilya Samsonov
Extra Forwards
Normal : Joseph Veleno, Christian Dvorak, Ilya Mikheyev - PP : Joseph Veleno, Christian Dvorak - PK : Ilya Mikheyev
Extra Defensemen
Normal : Dmitry Orlov, Simon Nemec, Sean Durzi - PP : Dmitry Orlov - PK : Simon Nemec, Sean Durzi
Penalty Shots
Adam Henrique, Dylan Strome, Rickard Rakell, Ivan Barbashev, Eetu Luostarinen
Scratches
Brett Howden (Healthy), Kailer Yamamoto (Healthy), Victor Olofsson (Healthy), Erik Cernak (Healthy), Sam Lafferty (Healthy)
Washington Capitals
5 vs 5 Forward
Center Left Wing Right Wing Time % Phy DF OF
1 Nico Hischier Alex Ovechkin Jason Robertson 40 1 1 3
2 Nick Foligno Brad Marchand Jordan Kyrou 30 1 1 3
3 Michael McLeod Drake Batherson Owen Tippett 20 1 1 3
4 Derek Ryan Yegor Chinakhov Fabian Zetterlund 10 1 1 3
5 vs 5 Defense
Defense Defense Time % Phy DF OF
1 John Carlson Jamie Oleksiak 37 2 3 0
2 David Savard Thomas Harley 35 2 3 0
3 Ian Cole Nick Jensen 28 2 3 0
4 John Carlson David Savard 0 2 3 0
PowerPlay Forward
Center Left Wing Right Wing Time % Phy DF OF
1 Nico Hischier Alex Ovechkin Jason Robertson 60 1 2 2
2 Nick Foligno Owen Tippett Jordan Kyrou 40 1 2 2
PowerPlay Defense
Defense Defense Time % Phy DF OF
1 John Carlson Thomas Harley 60 1 2 2
2 Nick Jensen David Savard 40 1 2 2
Penalty Kill 4 Players Forward
Center Wing Time % Phy DF OF
1 Michael McLeod Brad Marchand 60 1 2 2
2 Derek Ryan Fabian Zetterlund 40 1 2 2
Penalty Kill 4 Players Defense
Defense Defense Time % Phy DF OF
1 David Savard Jamie Oleksiak 60 1 2 2
2 Nick Jensen Ian Cole 40 1 2 2
Penalty Kill - 3 Players Forward
Forward Time % Phy DF OF
1 Michael McLeod 60 1 2 2
2 Derek Ryan 40 1 2 2
Penalty Kill - 3 Players Defense
Defense Defense Time % Phy DF OF
1 David Savard Jamie Oleksiak 60 1 2 2
2 Nick Jensen Ian Cole 40 1 2 2
4 vs 4 Forward
Center Wing Time % Phy DF OF
1 Nico Hischier Alex Ovechkin 60 1 2 2
2 Nick Foligno Jason Robertson 40 1 2 2
4 vs 4 Defense
Defense Defense Time % Phy DF OF
1 John Carlson Thomas Harley 60 1 2 2
2 Nick Jensen David Savard 40 1 2 2
Last Minutes Offensive
Center Left Wing Right Wing Defense Defense
Nico Hischier Alex Ovechkin Jason Robertson John Carlson Thomas Harley
Last Minutes Defensive
Center Left Wing Right Wing Defense Defense
Michael McLeod Brad Marchand Nick Foligno John Carlson Jamie Oleksiak
Goaltenders
Starting : Jake Oettinger
Backup : Sergei Bobrovsky
Extra Forwards
Normal : Owen Tippett, Drake Batherson, Jordan Kyrou - PP : Owen Tippett, Fabian Zetterlund - PK : Fabian Zetterlund
Extra Defensemen
Normal : Thomas Harley, Jamie Oleksiak, Ian Cole - PP : David Savard - PK : Jamie Oleksiak, Thomas Harley
Penalty Shots
Jason Robertson, Drake Batherson, Derek Ryan, Yegor Chinakhov, David Savard
Scratches
Vladislav Gavrikov (Healthy), Erik Johnson (Healthy), Stefan Noesen (Healthy)
% Time on Ice - San Jose Sharks
Lines # - Real PCT - Wanted PCT - Time Play
Normal Forward
1 - 31% - 30% - 13:56
2 - 29% - 30% - 13:02
3 - 25% - 25% - 11:18
4 - 15% - 15% - 6:41
Normal Defense
1 - 31% - 30% - 13:44
2 - 31% - 30% - 13:46
3 - 27% - 25% - 12:19
4 - 11% - 15% - 5:08
PP Forward
1 - 50% - 50% - 3:00
2 - 50% - 50% - 2:57
PP Defense
1 - 46% - 50% - 2:45
2 - 54% - 50% - 3:12
PK Forward
1 - 51% - 50% - 4:16
2 - 49% - 50% - 4:07
PK Defense
1 - 50% - 50% - 4:10
2 - 50% - 50% - 4:13
PK3 Forward
1 - 0% - 50%
2 - 0% - 50%
PK3 Defense
1 - 0% - 50%
2 - 0% - 50%
44 Forward
1 - 0% - 50%
2 - 0% - 50%
44 Defense
1 - 0% - 50%
2 - 0% - 50%
Last Minute Offensive - 0:43
Last Minute Defensive - 0:00
Total
Forward - 60:00
Defense - 60:00
|
% Time on Ice - Washington Capitals
Lines # - Real PCT - Wanted PCT - Time Play
Normal Forward
1 - 35% - 40% - 16:00
2 - 26% - 30% - 11:54
3 - 21% - 20% - 9:41
4 - 17% - 10% - 7:35
Normal Defense
1 - 37% - 37% - 16:46
2 - 36% - 35% - 16:07
3 - 27% - 28% - 12:17
4 - 0% - 0% - 0:00
PP Forward
1 - 56% - 60% - 4:42
2 - 44% - 40% - 3:41
PP Defense
1 - 68% - 60% - 5:40
2 - 32% - 40% - 2:43
PK Forward
1 - 83% - 60% - 4:55
2 - 17% - 40% - 1:02
PK Defense
1 - 60% - 60% - 3:33
2 - 40% - 40% - 2:24
PK3 Forward
1 - 0% - 60%
2 - 0% - 40%
PK3 Defense
1 - 0% - 60%
2 - 0% - 40%
44 Forward
1 - 0% - 60%
2 - 0% - 40%
44 Defense
1 - 0% - 60%
2 - 0% - 40%
Last Minute Offensive - 0:00
Last Minute Defensive - 0:30
Total
Forward - 60:00
Defense - 60:00
|
Play-by-Play
1st period
0:01 of 1st period - Adam Henrique wins face-off versus Jason Robertson in neutral zone.
0:04 of 1st period - Jason Robertson is hit by Rickard Rakell and loses puck.
0:27 of 1st period - John Carlson is hit by Matthew Knies and loses puck.
1:16 of 1st period - Snap shot by Yegor Chinakhov.
1:16 of 1st period - Stopped by Logan Thompson with a rebound.
1:52 of 1st period - Snap shot by Jordan Kyrou.
1:52 of 1st period - Shot Blocked by Eetu Luostarinen.
1:58 of 1st period - Backhand shot by Dylan Strome.
1:58 of 1st period - Stopped by Jake Oettinger without a rebound.
1:59 of 1st period - Nick Foligno wins face-off versus Luke Kunin in Washington Capitals zone.
2:25 of 1st period - Snap shot by Jordan Kyrou.
2:25 of 1st period - Shot Blocked by Christian Dvorak.
2:36 of 1st period - Off-side.
2:37 of 1st period - Nico Hischier wins face-off versus Dylan Strome in neutral zone.
2:45 of 1st period - Slapshot by Sean Durzi.
2:45 of 1st period - Shot Misses the Net.
2:47 of 1st period - Wrist shot by Eetu Luostarinen.
2:47 of 1st period - Stopped by Jake Oettinger with a rebound.
2:49 of 1st period - Wrist shot by Dylan Strome.
2:49 of 1st period - Shot Blocked by Ian Cole.
3:39 of 1st period - Icing by Ian Cole.
3:40 of 1st period - Nick Foligno wins face-off versus Christian Dvorak in Washington Capitals zone.
3:40 of 1st period - Nick Foligno is hit by Luke Kunin.
3:54 of 1st period - Snap shot by Brad Marchand.
3:54 of 1st period - Stopped by Logan Thompson with a rebound.
4:13 of 1st period - Eetu Luostarinen is hit by Jason Robertson and loses puck.
4:37 of 1st period - Snap shot by Adam Henrique.
4:37 of 1st period - Stopped by Jake Oettinger without a rebound.
4:38 of 1st period - Nico Hischier wins face-off versus Dylan Strome in Washington Capitals zone.
4:43 of 1st period - Snap shot by Jason Robertson.
4:43 of 1st period - Stopped by Logan Thompson with a rebound.
4:45 of 1st period - Snap shot by Nico Hischier.
4:45 of 1st period - Stopped by Logan Thompson with a rebound.
6:06 of 1st period - John Carlson is hit by Christopher Tanev and loses puck.
6:19 of 1st period - Wrist shot by Jason Robertson.
6:19 of 1st period - Shot Misses the Net.
7:01 of 1st period - Backhand shot by Joseph Veleno.
7:01 of 1st period - Stopped by Jake Oettinger with a rebound.
7:42 of 1st period - Icing by Christian Dvorak.
7:43 of 1st period - Christian Dvorak wins face-off versus Nico Hischier in San Jose Sharks zone.
7:59 of 1st period - Off-side.
8:00 of 1st period - Michael McLeod wins face-off versus Adam Henrique in neutral zone.
8:17 of 1st period - Nick Jensen is hit by Ivan Barbashev and loses puck.
9:19 of 1st period - Slapshot by Ilya Mikheyev.
9:19 of 1st period - Stopped by Jake Oettinger with a rebound.
9:21 of 1st period - Slapshot by Joel Edmundson.
9:21 of 1st period - Deflect By Ilya Mikheyev.
9:21 of 1st period - Shot Blocked by Nick Jensen.
9:21 of 1st period - Puck is out of play.
9:22 of 1st period - Adam Henrique wins face-off versus Nico Hischier in Washington Capitals zone.
9:23 of 1st period - Wrist shot by Rickard Rakell.
9:23 of 1st period - Stopped by Jake Oettinger without a rebound.
9:24 of 1st period - Adam Henrique wins face-off versus Nico Hischier in Washington Capitals zone.
9:37 of 1st period - Wrist shot by Ivan Barbashev.
9:37 of 1st period - Shot Misses the Net.
9:39 of 1st period - Snap shot by Adam Henrique.
9:39 of 1st period - Deflect By Rickard Rakell.
9:39 of 1st period - Shot Misses the Net.
9:39 of 1st period - Puck is out of play.
9:40 of 1st period - Christian Dvorak wins face-off versus Owen Tippett in Washington Capitals zone.
10:05 of 1st period - Jason Robertson is hit by Rickard Rakell and loses puck.
10:14 of 1st period - Snap shot by Ivan Barbashev.
10:14 of 1st period - Shot Blocked by Nico Hischier.
10:16 of 1st period - Slapshot by Adam Henrique.
10:16 of 1st period - Shot Misses the Net.
10:40 of 1st period - Snap shot by Brad Marchand.
10:40 of 1st period - Stopped by Logan Thompson with a rebound.
11:45 of 1st period - Snap shot by Jason Robertson.
11:45 of 1st period - Shot Blocked by Christopher Tanev.
11:47 of 1st period - Snap shot by Alex Ovechkin.
11:47 of 1st period - Stopped by Logan Thompson with a rebound.
11:49 of 1st period - Slapshot by Nick Jensen.
11:49 of 1st period - Stopped by Logan Thompson without a rebound.
11:50 of 1st period - Dylan Strome wins face-off versus Nick Foligno in San Jose Sharks zone.
11:55 of 1st period - Ian Cole is hit by Matthew Knies and loses puck.
12:02 of 1st period - Slapshot by Dylan Strome.
12:02 of 1st period - Stopped by Jake Oettinger with a rebound.
12:06 of 1st period - Snap shot by Matthew Knies.
12:06 of 1st period - Stopped by Jake Oettinger with a rebound.
12:26 of 1st period - Snap shot by Rickard Rakell.
12:26 of 1st period - Stopped by Jake Oettinger without a rebound.
12:27 of 1st period - Christian Dvorak wins face-off versus Nico Hischier in Washington Capitals zone.
12:46 of 1st period - Christopher Tanev is hit by Alex Ovechkin and loses puck.
13:05 of 1st period - Wrist shot by Jordan Kyrou.
13:05 of 1st period - Shot Blocked by Adam Henrique.
14:42 of 1st period - Dylan Strome is hit by John Carlson and loses puck.
15:22 of 1st period - Wrist shot by Fabian Zetterlund.
15:22 of 1st period - Deflect By Luke Kunin.
15:22 of 1st period - Stopped by Logan Thompson with a rebound.
15:24 of 1st period - Slapshot by John Carlson.
15:24 of 1st period - Shot Misses the Net.
15:26 of 1st period - Wrist shot by Derek Ryan.
15:26 of 1st period - Goal by Derek Ryan - San Jose Sharks : 0 - Washington Capitals : 1.
15:27 of 1st period - Rickard Rakell wins face-off versus Nico Hischier in neutral zone.
15:57 of 1st period - Slapshot by Dylan Strome.
15:57 of 1st period - Stopped by Jake Oettinger without a rebound.
15:58 of 1st period - Dylan Strome wins face-off versus Nick Foligno in Washington Capitals zone.
16:32 of 1st period - Icing by Nico Hischier.
16:33 of 1st period - Adam Henrique wins face-off versus Nico Hischier in Washington Capitals zone.
16:34 of 1st period - Wrist shot by Ivan Barbashev.
16:34 of 1st period - Stopped by Jake Oettinger with a rebound.
16:46 of 1st period - Snap shot by Nico Hischier.
16:46 of 1st period - Shot Misses the Net.
16:48 of 1st period - Slapshot by Ian Cole.
16:48 of 1st period - Shot Blocked by Ivan Barbashev.
16:50 of 1st period - Snap shot by Jason Robertson.
16:50 of 1st period - Shot Misses the Net.
16:52 of 1st period - Snap shot by Nick Jensen.
16:52 of 1st period - Shot Misses the Net.
16:54 of 1st period - Wrist shot by Jason Robertson.
16:54 of 1st period - Stopped by Logan Thompson without a rebound.
16:55 of 1st period - Michael McLeod wins face-off versus Dylan Strome in San Jose Sharks zone.
16:59 of 1st period - Minor Penalty to Dmitry Orlov for Hooking.
17:00 of 1st period - Adam Henrique wins face-off versus Nico Hischier in San Jose Sharks zone.
17:08 of 1st period - Ivan Barbashev is hit by Thomas Harley and loses puck.
18:59 of 1st period - Penalty to Dmitry Orlov is over, Dmitry Orlov is back on ice.
19:27 of 1st period - Slapshot by Ivan Barbashev.
19:27 of 1st period - Stopped by Jake Oettinger without a rebound.
19:28 of 1st period - Christian Dvorak wins face-off versus Michael McLeod in Washington Capitals zone.
Goals for this period are 0 for San Jose Sharks vs 1 for Washington Capitals.
Shots for this period are 12 for San Jose Sharks vs 10 for Washington Capitals.
2nd period
0:01 of 2nd period - Adam Henrique wins face-off versus Nico Hischier in neutral zone.
0:25 of 2nd period - Sean Durzi is hit by Nick Foligno and loses puck.
1:08 of 2nd period - Backhand shot by Sean Durzi.
1:08 of 2nd period - Shot Blocked by John Carlson.
1:14 of 2nd period - Snap shot by Ilya Mikheyev.
1:14 of 2nd period - Stopped by Jake Oettinger with a rebound.
1:32 of 2nd period - Wrist shot by Ivan Barbashev.
1:32 of 2nd period - Stopped by Jake Oettinger without a rebound.
1:33 of 2nd period - Nico Hischier wins face-off versus Adam Henrique in Washington Capitals zone.
1:33 of 2nd period - Nico Hischier is hit by Adam Henrique.
1:43 of 2nd period - Wrist shot by Alex Ovechkin.
1:43 of 2nd period - Deflect By Nico Hischier.
1:43 of 2nd period - Shot Misses the Net.
1:43 of 2nd period - Puck is out of play.
1:44 of 2nd period - Adam Henrique wins face-off versus Nico Hischier in San Jose Sharks zone.
1:44 of 2nd period - Adam Henrique is hit by Jason Robertson.
1:47 of 2nd period - Minor Penalty to Ivan Barbashev for Tripping.
1:48 of 2nd period - Nico Hischier wins face-off versus Adam Henrique in San Jose Sharks zone.
1:48 of 2nd period - Snap shot by Alex Ovechkin.
1:48 of 2nd period - Shot Misses the Net.
1:56 of 2nd period - Wrist shot by Adam Henrique.
1:56 of 2nd period - Stopped by Jake Oettinger without a rebound.
1:57 of 2nd period - Adam Henrique wins face-off versus Nico Hischier in Washington Capitals zone.
2:08 of 2nd period - Snap shot by Dylan Strome.
2:08 of 2nd period - Shot Blocked by Thomas Harley.
2:10 of 2nd period - Snap shot by Adam Henrique.
2:10 of 2nd period - Goal by Adam Henrique - San Jose Sharks : 1 - Washington Capitals : 1.
2:11 of 2nd period - Nico Hischier wins face-off versus Rickard Rakell in neutral zone.
2:14 of 2nd period - Wrist shot by Alex Ovechkin.
2:14 of 2nd period - Deflect By Sean Durzi.
2:14 of 2nd period - Goal by Alex Ovechkin - San Jose Sharks : 1 - Washington Capitals : 2.
2:15 of 2nd period - Nico Hischier wins face-off versus Adam Henrique in neutral zone.
2:24 of 2nd period - Snap shot by Nico Hischier.
2:24 of 2nd period - Stopped by Logan Thompson with a rebound.
2:26 of 2nd period - Backhand shot by David Savard.
2:26 of 2nd period - Shot Misses the Net.
2:36 of 2nd period - Mike Hoffman is hit by Nico Hischier.
3:03 of 2nd period - Sean Durzi is hit by David Savard and loses puck.
3:44 of 2nd period - Wrist shot by Eetu Luostarinen.
3:44 of 2nd period - Shot Hit the Post.
3:46 of 2nd period - Slapshot by Christopher Tanev.
3:46 of 2nd period - Deflect By Jordan Kyrou.
3:46 of 2nd period - Stopped by Jake Oettinger without a rebound.
3:47 of 2nd period - Nico Hischier wins face-off versus Adam Henrique in Washington Capitals zone.
4:00 of 2nd period - Wrist shot by Jason Robertson.
4:00 of 2nd period - Shot Blocked by Adam Henrique.
4:02 of 2nd period - Slapshot by Nick Jensen.
4:02 of 2nd period - Stopped by Logan Thompson with a rebound.
4:04 of 2nd period - Snap shot by Nico Hischier.
4:04 of 2nd period - Shot Misses the Net.
4:29 of 2nd period - Minor Penalty to Drake Batherson for Roughing.
4:30 of 2nd period - Michael McLeod wins face-off versus Adam Henrique in Washington Capitals zone.
4:46 of 2nd period - David Savard is hit by Joel Edmundson and loses puck.
6:29 of 2nd period - Penalty to Drake Batherson is over, Drake Batherson is back on ice.
6:53 of 2nd period - Owen Tippett is hit by Joseph Veleno and loses puck.
7:08 of 2nd period - Snap shot by Jordan Kyrou.
7:08 of 2nd period - Stopped by Logan Thompson without a rebound.
7:09 of 2nd period - Frederick Gaudreau wins face-off versus Nick Foligno in San Jose Sharks zone.
7:16 of 2nd period - Snap shot by Ilya Mikheyev.
7:16 of 2nd period - Stopped by Jake Oettinger without a rebound.
7:17 of 2nd period - Frederick Gaudreau wins face-off versus Nico Hischier in Washington Capitals zone.
8:18 of 2nd period - Christian Dvorak is hit by Yegor Chinakhov and loses puck.
8:27 of 2nd period - Slapshot by Simon Nemec.
8:27 of 2nd period - Shot Blocked by Fabian Zetterlund.
8:33 of 2nd period - Snap shot by Christian Dvorak.
8:33 of 2nd period - Deflect By Luke Kunin.
8:33 of 2nd period - Stopped by Jake Oettinger with a rebound.
8:35 of 2nd period - Slapshot by Christopher Tanev.
8:35 of 2nd period - Shot Misses the Net.
8:47 of 2nd period - Slapshot by Luke Kunin.
8:47 of 2nd period - Stopped by Jake Oettinger with a rebound.
8:49 of 2nd period - Slapshot by Joel Edmundson.
8:49 of 2nd period - Stopped by Jake Oettinger without a rebound.
8:50 of 2nd period - Adam Henrique wins face-off versus Jason Robertson in Washington Capitals zone.
9:01 of 2nd period - Snap shot by Rickard Rakell.
9:01 of 2nd period - Stopped by Jake Oettinger without a rebound.
9:02 of 2nd period - Nico Hischier wins face-off versus Adam Henrique in Washington Capitals zone.
9:09 of 2nd period - Wrist shot by Jason Robertson.
9:09 of 2nd period - Deflect By Nico Hischier.
9:09 of 2nd period - Stopped by Logan Thompson without a rebound.
9:10 of 2nd period - Adam Henrique wins face-off versus Nico Hischier in San Jose Sharks zone.
9:10 of 2nd period - Adam Henrique is hit by Alex Ovechkin.
9:36 of 2nd period - Slapshot by Nico Hischier.
9:36 of 2nd period - Stopped by Logan Thompson with a rebound.
9:38 of 2nd period - Snap shot by Jason Robertson.
9:38 of 2nd period - Shot Blocked by Sean Durzi.
9:40 of 2nd period - Snap shot by Jason Robertson.
9:40 of 2nd period - Shot Misses the Net.
9:42 of 2nd period - Wrist shot by Jamie Oleksiak.
9:42 of 2nd period - Deflect By Rickard Rakell.
9:42 of 2nd period - Stopped by Logan Thompson without a rebound.
9:43 of 2nd period - Dylan Strome wins face-off versus Nick Foligno in San Jose Sharks zone.
9:48 of 2nd period - Nick Foligno is hit by Matthew Knies.
10:09 of 2nd period - Michael McLeod is hit by Luke Kunin and loses puck.
10:30 of 2nd period - Snap shot by Ilya Mikheyev.
10:30 of 2nd period - Stopped by Jake Oettinger with a rebound.
10:54 of 2nd period - Icing by Simon Nemec.
10:55 of 2nd period - Frederick Gaudreau wins face-off versus Nick Foligno in San Jose Sharks zone.
10:59 of 2nd period - Off-side.
11:00 of 2nd period - Nick Foligno wins face-off versus Matthew Knies in neutral zone.
11:03 of 2nd period - Christopher Tanev is hit by Thomas Harley.
11:17 of 2nd period - Sean Durzi is hit by Nick Foligno and loses puck.
11:23 of 2nd period - Icing by Dylan Strome.
11:24 of 2nd period - Dylan Strome wins face-off versus Nico Hischier in San Jose Sharks zone.
11:40 of 2nd period - Minor Penalty to Jamie Oleksiak for Holding.
11:41 of 2nd period - Michael McLeod wins face-off versus Adam Henrique in Washington Capitals zone.
12:24 of 2nd period - Backhand shot by Fabian Zetterlund.
12:24 of 2nd period - Shot Misses the Net.
13:40 of 2nd period - Penalty to Jamie Oleksiak is over, Jamie Oleksiak is back on ice.
13:41 of 2nd period - John Carlson is hit by Joseph Veleno and loses puck.
14:47 of 2nd period - Off-side.
14:48 of 2nd period - Christian Dvorak wins face-off versus Michael McLeod in neutral zone.
14:55 of 2nd period - Snap shot by Christian Dvorak.
14:55 of 2nd period - Shot Blocked by David Savard.
15:13 of 2nd period - Slapshot by Nico Hischier.
15:13 of 2nd period - Stopped by Logan Thompson with a rebound.
15:15 of 2nd period - Wrist shot by Jason Robertson.
15:15 of 2nd period - Deflect By Nico Hischier.
15:15 of 2nd period - Goal by Nico Hischier - San Jose Sharks : 1 - Washington Capitals : 3.
15:16 of 2nd period - Nico Hischier wins face-off versus Adam Henrique in neutral zone.
15:25 of 2nd period - Wrist shot by Jason Robertson.
15:25 of 2nd period - Shot Misses the Net.
15:43 of 2nd period - Jordan Kyrou is hit by Dmitry Orlov.
15:47 of 2nd period - Eetu Luostarinen is hit by Nick Foligno.
15:53 of 2nd period - Wrist shot by Dylan Strome.
15:53 of 2nd period - Stopped by Jake Oettinger without a rebound.
15:54 of 2nd period - Christian Dvorak wins face-off versus Alex Ovechkin in Washington Capitals zone.
16:07 of 2nd period - Backhand shot by Mike Hoffman.
16:07 of 2nd period - Deflect By Christian Dvorak.
16:07 of 2nd period - Stopped by Jake Oettinger with a rebound.
16:19 of 2nd period - Jordan Kyrou is hit by Christopher Tanev.
16:25 of 2nd period - Snap shot by Nick Foligno.
16:25 of 2nd period - Stopped by Logan Thompson without a rebound.
16:26 of 2nd period - Dylan Strome wins face-off versus Nick Foligno in San Jose Sharks zone.
16:26 of 2nd period - Dylan Strome is hit by Brad Marchand.
16:34 of 2nd period - Nick Foligno is hit by Joel Edmundson and loses puck.
16:55 of 2nd period - Snap shot by Drake Batherson.
16:55 of 2nd period - Deflect By Owen Tippett.
16:55 of 2nd period - Stopped by Logan Thompson with a rebound.
16:57 of 2nd period - Slapshot by Ian Cole.
16:57 of 2nd period - Shot Misses the Net.
16:59 of 2nd period - Slapshot by Ian Cole.
16:59 of 2nd period - Stopped by Logan Thompson without a rebound.
17:00 of 2nd period - Michael McLeod wins face-off versus Adam Henrique in San Jose Sharks zone.
17:37 of 2nd period - Wrist shot by Ivan Barbashev.
17:37 of 2nd period - Shot Misses the Net.
17:39 of 2nd period - Slapshot by Simon Nemec.
17:39 of 2nd period - Stopped by Jake Oettinger without a rebound.
17:40 of 2nd period - Nico Hischier wins face-off versus Dylan Strome in Washington Capitals zone.
17:57 of 2nd period - Ian Cole is hit by Sean Durzi and loses puck.
18:11 of 2nd period - Icing by Nick Jensen.
18:12 of 2nd period - Nick Foligno wins face-off versus Christian Dvorak in Washington Capitals zone.
18:28 of 2nd period - Off-side.
18:29 of 2nd period - Dylan Strome wins face-off versus Nico Hischier in neutral zone.
19:09 of 2nd period - Snap shot by Dylan Strome.
19:09 of 2nd period - Stopped by Jake Oettinger with a rebound.
19:11 of 2nd period - Snap shot by Dylan Strome.
19:11 of 2nd period - Stopped by Jake Oettinger without a rebound.
19:12 of 2nd period - Nico Hischier wins face-off versus Adam Henrique in Washington Capitals zone.
19:21 of 2nd period - Joel Edmundson is hit by Alex Ovechkin.
19:45 of 2nd period - Minor Penalty to Dmitry Orlov for Unsportsmanlike conduct.
19:46 of 2nd period - Rickard Rakell wins face-off versus Nico Hischier in San Jose Sharks zone.
Goals for this period are 1 for San Jose Sharks vs 2 for Washington Capitals.
Shots for this period are 16 for San Jose Sharks vs 12 for Washington Capitals.
3rd period
0:01 of 3rd period - Rickard Rakell wins face-off versus Nico Hischier in neutral zone.
0:16 of 3rd period - Wrist shot by Dylan Strome.
0:16 of 3rd period - Shot Misses the Net.
0:34 of 3rd period - Christopher Tanev is hit by Jordan Kyrou.
0:42 of 3rd period - Snap shot by Owen Tippett.
0:42 of 3rd period - Shot Misses the Net.
1:42 of 3rd period - Rickard Rakell is hit by Nick Jensen and loses puck.
1:45 of 3rd period - Penalty to Dmitry Orlov is over, Dmitry Orlov is back on ice.
1:59 of 3rd period - Wrist shot by Mike Hoffman.
1:59 of 3rd period - Shot Blocked by David Savard.
2:37 of 3rd period - Snap shot by Dylan Strome.
2:37 of 3rd period - Goal by Dylan Strome - San Jose Sharks : 2 - Washington Capitals : 3.
2:38 of 3rd period - Dylan Strome wins face-off versus Nico Hischier in neutral zone.
2:53 of 3rd period - Slapshot by Nico Hischier.
2:53 of 3rd period - Shot Blocked by Dylan Strome.
3:01 of 3rd period - Minor Penalty to Dylan Strome for Slashing.
3:02 of 3rd period - Adam Henrique wins face-off versus Nico Hischier in San Jose Sharks zone.
3:19 of 3rd period - Ivan Barbashev is hit by Alex Ovechkin and loses puck.
5:01 of 3rd period - Penalty to Dylan Strome is over, Dylan Strome is back on ice.
5:09 of 3rd period - Wrist shot by Fabian Zetterlund.
5:09 of 3rd period - Stopped by Logan Thompson without a rebound.
5:10 of 3rd period - Christian Dvorak wins face-off versus Yegor Chinakhov in San Jose Sharks zone.
5:17 of 3rd period - Snap shot by Luke Kunin.
5:17 of 3rd period - Stopped by Jake Oettinger without a rebound.
5:18 of 3rd period - Jason Robertson wins face-off versus Christian Dvorak in Washington Capitals zone.
5:34 of 3rd period - Minor Penalty to Luke Kunin for Hooking.
5:35 of 3rd period - Nico Hischier wins face-off versus Rickard Rakell in San Jose Sharks zone.
5:49 of 3rd period - Snap shot by Nico Hischier.
5:49 of 3rd period - Shot Blocked by Adam Henrique.
6:27 of 3rd period - Off-side.
6:28 of 3rd period - Nico Hischier wins face-off versus Adam Henrique in neutral zone.
6:55 of 3rd period - Nick Foligno is hit by Rickard Rakell and loses puck.
7:34 of 3rd period - Penalty to Luke Kunin is over, Luke Kunin is back on ice.
7:52 of 3rd period - Derek Ryan is hit by Dylan Strome and loses puck.
8:31 of 3rd period - Snap shot by Dylan Strome.
8:31 of 3rd period - Stopped by Jake Oettinger with a rebound.
8:33 of 3rd period - Slapshot by Christopher Tanev.
8:33 of 3rd period - Shot Misses the Net.
9:23 of 3rd period - Snap shot by Adam Henrique.
9:23 of 3rd period - Stopped by Jake Oettinger without a rebound.
9:24 of 3rd period - Alex Ovechkin wins face-off versus Frederick Gaudreau in Washington Capitals zone.
10:36 of 3rd period - Jason Robertson is hit by Ivan Barbashev and loses puck.
11:41 of 3rd period - Matthew Knies is hit by Brad Marchand and loses puck.
12:31 of 3rd period - Icing by Matthew Knies.
12:32 of 3rd period - Luke Kunin wins face-off versus Nick Foligno in San Jose Sharks zone.
13:39 of 3rd period - Slapshot by Sean Durzi.
13:39 of 3rd period - Stopped by Jake Oettinger with a rebound.
13:55 of 3rd period - Wrist shot by Yegor Chinakhov.
13:55 of 3rd period - Stopped by Logan Thompson with a rebound.
14:11 of 3rd period - Snap shot by Dylan Strome.
14:11 of 3rd period - Stopped by Jake Oettinger with a rebound.
14:29 of 3rd period - Wrist shot by Drake Batherson.
14:29 of 3rd period - Stopped by Logan Thompson with a rebound.
15:01 of 3rd period - Matthew Knies is hit by Jamie Oleksiak and loses puck.
15:26 of 3rd period - Jason Robertson is hit by Dmitry Orlov and loses puck.
16:14 of 3rd period - Minor Penalty to Nick Foligno for Tripping.
16:15 of 3rd period - Michael McLeod wins face-off versus Dylan Strome in Washington Capitals zone.
17:33 of 3rd period - Fabian Zetterlund is hit by Luke Kunin and loses puck.
17:56 of 3rd period - Nico Hischier is hit by Adam Henrique and loses puck.
18:14 of 3rd period - Penalty to Nick Foligno is over, Nick Foligno is back on ice.
18:21 of 3rd period - Wrist shot by Matthew Knies.
18:21 of 3rd period - Shot Blocked by Nick Foligno.
18:23 of 3rd period - Slapshot by Tobias Bjornfot.
18:23 of 3rd period - Shot Blocked by Jamie Oleksiak.
18:58 of 3rd period - San Jose Sharks, Logan Thompson is pulled from the net.
19:00 of 3rd period - Snap shot by Adam Henrique.
19:00 of 3rd period - Shot Blocked by David Savard.
19:02 of 3rd period - Wrist shot by Christopher Tanev.
19:02 of 3rd period - Stopped by Jake Oettinger with a rebound.
19:04 of 3rd period - Slapshot by Adam Henrique.
19:04 of 3rd period - Deflect By Alex Ovechkin.
19:04 of 3rd period - Shot Misses the Net.
19:04 of 3rd period - Puck is out of play.
19:05 of 3rd period - Jeff Blashill call a timeout for San Jose Sharks.
19:05 of 3rd period - Adam Henrique wins face-off versus Michael McLeod in Washington Capitals zone.
19:08 of 3rd period - Snap shot by Rickard Rakell.
19:08 of 3rd period - Shot Misses the Net.
19:10 of 3rd period - Snap shot by Ivan Barbashev.
19:10 of 3rd period - Stopped by Jake Oettinger with a rebound.
19:12 of 3rd period - Slapshot by Rickard Rakell.
19:12 of 3rd period - Shot Blocked by John Carlson.
19:14 of 3rd period - Snap shot by Sean Durzi.
19:14 of 3rd period - Stopped by Jake Oettinger without a rebound.
19:15 of 3rd period - Michael McLeod wins face-off versus Adam Henrique in Washington Capitals zone.
19:34 of 3rd period - Wrist shot by Michael McLeod.
19:34 of 3rd period - Goal by Michael McLeod - San Jose Sharks : 2 - Washington Capitals : 4.
19:34 of 3rd period - Logan Thompson from San Jose Sharks was sent back in the game.
19:35 of 3rd period - Christian Dvorak wins face-off versus Michael McLeod in neutral zone.
19:42 of 3rd period - Wrist shot by Mike Hoffman.
19:42 of 3rd period - Shot Misses the Net.
19:58 of 3rd period - Ian Cole is hit by Christopher Tanev and loses puck.
Goals for this period are 1 for San Jose Sharks vs 1 for Washington Capitals.
Shots for this period are 9 for San Jose Sharks vs 4 for Washington Capitals.
Back to the Top